 Dungeon Crawl Stone Soup version 0.29-a0-559-g359e09b9d1 (webtiles) character file.

Game seed: 1497325350558672778

126 vulpzor the Slasher (level 5, -2/42 HPs)
             Began as a Human Cinder Acolyte on June 11, 2022.
             Was a High Priest of Ignis.
             Slain by a yak (4 damage)
             ... on level 4 of the Dungeon.
             The game lasted 00:10:14 (4147 turns).

vulpzor the Slasher (Human Cinder Acolyte)          Turns: 4147, Time: 00:10:15

Health: -2/42      AC:  8    Str: 14    XL:     5   Next: 32%
Magic:  8/8        EV:  5    Int: 23    God:    Ignis [*****.]
Gold:   188        SH:  0    Dex:  8    Spells: 8/8 levels left

rFire   + . .      SeeInvis .   a - -1 falchion (flame)
rCold   . . .      Faith    .   (no shield)
rNeg    . . .      Spirit   .   d - +0 chain mail
rPois   .          Reflect  .   (no helmet)
rElec   .          Harm     .   (no cloak)
rCorr   .          Rampage  .   (no gloves)
Will    .....                   (no boots)
Stlth   ..........              (no amulet)
HPRegen 0.14/turn               h - +6 ring of intelligence
MPRegen 0.11/turn               (no ring)

@: no status effects
A: no striking features
a: Renounce Religion, Fiery Armour, Foxfire Swarm


You were on level 4 of the Dungeon.
You worshipped Ignis.
Ignis was extremely pleased with you.
You visited 1 branch of the dungeon, and saw 4 of its levels.

You collected 216 gold pieces.
You spent 28 gold pieces at shops.

Inventory:

Hand Weapons
 a - a -1 falchion of flaming (weapon)
 j - a +1 dagger of venom
 n - a +0 mace of holy wrath
Armour
 b - a +1 robe
 d - a +0 chain mail (worn)
Magical Staves
 f - a staff of poison
Jewellery
 h - a +6 ring of intelligence (left hand)
Wands
 o - a wand of paralysis (7)
Scrolls
 e - 2 scrolls of amnesia
 g - 2 scrolls of acquirement {unknown}
 l - 2 scrolls of enchant weapon {unknown}
 p - a scroll of enchant armour
 r - a scroll of vulnerability {unknown}
Potions
 c - a potion of invisibility
 i - a potion of berserk rage {unknown}
 k - 2 potions of heal wounds
 m - a potion of brilliance {unknown}
 q - a potion of curing {unknown}
 s - a potion of attraction {unknown}


   Skills:
 + Level 3.8 Fighting
 + Level 3.8 Long Blades
 + Level 2.3 Spellcasting
 + Level 3.7 Fire Magic


You had 8 spell levels left.
You didn't know any spells.
Your spell library contained the following spells:

 Spells                   Type           Power      Damage    Failure   Level
 Scorch                   Fire           40%        2d7       77%         2
 Necrotize                Necr           8%         1d4       98%         1
 Blink                    Tloc           4%         N/A       99%         2
 Lesser Beckoning         Tloc           2%         N/A       100%        3
 Stone Arrow              Conj/Erth      4%         3d7       100%        3
 Vampiric Draining        Necr           2%         2d6       100%        3
 Animate Armour           Summ/Erth      4%         N/A       100%        4
 Agony                    Necr           2%         N/A       100%        5
 Manifold Assault         Tloc           2%         N/A       100%        5
 Lehudib's Crystal Spear  Conj/Erth      1%         10d2      100%        8


Dungeon Overview and Level Annotations

Branches:
Dungeon (4/15)
 Temple: D:4-7

Altars:

Shops:
D:1 ([!?


Message History

There is a stone staircase leading down, spattered with blood here.
You begin to rise into the air.
The yak gores you but does no damage. The yak barely misses you.
The yak gores you but does no damage.
With a burst of heat and light, you rocket upward!
There is a shaft here.
You start resting.
HP restored.
You see here a +0 dagger.
There is a stone staircase leading down here.
You climb downwards.
There is a stone staircase leading up here.
There is a stone staircase leading up here.
What are your orders? t - Shout!
Orders for allies: a - Attack new target. r - Retreat! s - Stop attacking. g - Guard the area. f - Follow me.
Anything else - Cancel.
Okay, then.
There is a stone staircase leading up here.
The yak snorts and paws the ground.
There is a stone staircase leading down here.
The yak gores you!
You climb downwards.
Found 18 gold pieces.
There is a stone staircase leading up here.
You barely miss the yak. The yak gores you.
You hit the yak but do no damage. The yak gores you. The yak gores you!
Activating: Foxfire Swarm
Press: ? - help, Dir - look around, f - activate Look: a yak Flames leap up around you!
The yak gores you but does no damage.
You closely miss the yak.
The foxfire hits the yak but does no damage.
The yak gores you!
* * * LOW HITPOINT WARNING * * *
You closely miss the yak. The yak gores you but does no damage.
Your foxfire dissipates!
The yak attacks as you move away! The yak gores you.
You die...

...
...
.$.
#.#
#.#
#.#
#Y#
#@#
#.#
#v#
#.#
..#
.##
.
#.


You could see a yak (ally target).

Vanquished Creatures
  5 adders
  3 gnolls (D:3)
  A worm (D:3)
  2 dart slugs
  2 orcs (D:3)
  A ball python (D:2)
  3 endoplasms
  2 giant cockroaches
  6 goblins
  5 hobgoblins
  A quokka (D:1)
  3 bats
  8 frilled lizards
  2 kobolds (D:2)
  4 rats
48 creatures vanquished.

Vanquished Creatures (others)
  A foxfire (D:4)
  4 plants (D:1)
5 creatures vanquished.

Grand Total: 53 creatures vanquished

Notes
Turn   | Place    | Note
-------+----------+-------------------------------------------
     0 | D:1      | vulpzor the Human Cinder Acolyte began the quest for the
                  | Orb.
     0 | D:1      | Reached XP level 1. HP: 18/18 MP: 2/2
   386 | D:1      | Found Xumumal's Distillery.
   424 | D:1      | Found Guxt's Armour Boutique.
   439 | D:1      | Reached XP level 2. HP: 24/24 MP: 3/3
   669 | D:1      | Found Faf Yco's Magic Scroll Shop.
   805 | D:1      | Bought a scroll of identify for 28 gold pieces
   921 | D:1      | Found Soufas's Antique Weapon Shoppe.
  1481 | D:2      | Reached XP level 3. HP: 29/29 MP: 5/5
  2480 | D:3      | Reached XP level 4. HP: 11/35 MP: 6/6
  3499 | D:3      | Reached XP level 5. HP: 42/42 MP: 8/8
  3502 | D:4      | Noticed a yak
  3502 | D:4      | Noticed a yak
  3519 | D:3      | HP: 1/42 [gnoll/+0 club (5)]
  3813 | D:4      | Noticed a yak
  3813 | D:4      | Noticed a yak
  4145 | D:4      | HP: 2/42 [yak (14)]
  4147 | D:4      | Slain by a yak

Illustrated notes

Levels and vault maps discovered:
D:1:      dpeg_arrival_tiny_j, layout_loops_ring, serial_shops,
          nicolae_shop_crystal, nicolae_shop_advertising_works
          [nicolae_subvault_shop_adworks], nicolae_diamond_shop,
          nicolae_shop_competitors_out_of_business, chequers_big_river,
          hangedman_decor_growths, minmay_misc_feat_roman, corner_web_ring
D:2:      layout_basic, minmay_misc_feat_five
D:3:      layout_loops_ring, minivault_23
D:4:      layout_rooms, serial_shops, nicolae_shop_competitors_out_of_business

Skill      XL: |  1  2  3  4 |
---------------+-------------+-----
Spellcasting   | 2 |  2.3
Fighting       | |  3.8
Long Blades    | |  3.8
Fire Magic     | |  3.7

Action                   |  1- 3 |  4- 6 || total
-------------------------+-------+-------++-------
Melee: Falchion          |   125 |    65 ||   190
Invok: Foxfire Swarm     |       |     1 ||     1
       Rising Flame      |       |     1 ||     1
       Fiery Armour      |       |     1 ||     1
  Use: Scroll            |     4 |       ||     4
Armor: Chain mail        |    88 |    34 ||   122
       Robe              |     1 |       ||     1
Dodge: Dodged            |    32 |    22 ||    54

Table legend: (Time is in decaauts)
 A = Elapsed time spent in this place.
 B = Non-inter-level travel time spent in this place.
 C = Inter-level travel time spent in this place.
 D = Time resting spent in this place.
 E = Time spent auto-exploring this place.
 F = Levels seen in this place.
 G = Mean time per level.
                   A        B        C        D        E       F      G
               +--------+--------+--------+--------+--------+-----+--------+
         Total |   4182 |   4178 |      4 |    857 |   2518 |   4 | 1045.5 |
       Dungeon |   4182 |   4178 |      4 |    857 |   2518 |   4 | 1045.5 |
               +--------+--------+--------+--------+--------+-----+--------+

Top non-repeatable levels by time:
     D:3: 1462 daAuts
     D:2: 1377 daAuts
     D:1: 1327 daAuts
     D:4: 15 daAuts
